 Dungeon Crawl Stone Soup version 0.17.1-1-g73c8601 (webtiles) character file.

32 ololoev the Chopper (level 3, -6/29 HPs)
             Began as a Demonspawn Fighter on Dec 23, 2015.
             Killed from afar by an orc wizard (7 damage)
             ... with a magic dart
             ... on level 4 of the Dungeon.
             The game lasted 00:03:13 (478 turns).

ololoev the Chopper (Demonspawn Fighter)             Turns: 478, Time: 00:03:13

Health: -6/29      AC:  7    Str: 17    XL:     3   Next: 8%
Magic:  3/3        EV:  6    Int: 14    God:
Gold:   54         SH:  8    Dex: 12    Spells: 0 memorised, 2 levels left

rFire  . . .     SeeInvis .     a - +0 war axe
rCold  . . .     Clarity  .     o - +0 scale mail
rNeg   . . .     SustAt   .     c - +0 shield
rPois  .         Gourm    .     j - +0 helmet
rElec  .         Spirit   .     (no cloak)
rCorr  .         Warding  .     (no gloves)
rMut   .         Stasis   .     (no boots)
MR     .....                    (no amulet)
Stlth  ..........               (no ring)
                                (no ring)

@: brilliant, invisible, not resistant to hostile enchantments, extremely
unstealthy
A: powered by pain 1
a: no special abilities


Innate Abilities, Weirdness & Mutations

You sometimes gain a little power by taking damage.

Inventory:

Hand Weapons
 a - a +0 war axe (weapon)
 b - a +0 blowgun
Armour
 c - a +0 shield (worn)
 j - a +0 helmet (worn)
 o - a +0 scale mail (worn)
Scrolls
 f - a scroll of teleportation {unknown}
 g - a scroll of magic mapping {unknown}
 i - a scroll of remove curse {unknown}
 p - a scroll of random uselessness {unknown}
Potions
 d - 2 potions of might
 l - a potion of heal wounds {unknown}
Comestibles
 e - a bread ration
 m - a meat ration
 n - 4 chunks of flesh


   Skills:
 - Level 3.0 Fighting
 * Level 3.2 Axes
 + Level 0.1 Throwing
 - Level 2.6 Armour
 - Level 2.6 Shields


You had 2 spell levels left.
You didn't know any spells.


You were on level 4 of the Dungeon.
You were not hungry.

You visited 1 branch of the dungeon, and saw 4 of its levels.

You collected 54 gold pieces.

...######..
#..((..(.......
+.....!........
#....#.........
#....#.........
#...o#.........
#(...#......#
####...)#......#
...(...(.(@.#####
###.....###((#..
#.......##(#.#
#.......# .#.#
#......[# ...#
#.(.....###..#######
#...####...........#
#... #...........#
#... #...........#

Notes
Turn   | Place    | Note
--------------------------------------------------------------
     0 | D:1      | ololoev the Demonspawn Fighter began the quest for the Orb.
     0 | D:1      | Reached XP level 1. HP: 18/18 MP: 1/1
   208 | D:1      | Gained mutation: You sometimes gain a little power by taking damage. [demonic ancestry]
   208 | D:1      | Reached XP level 2. HP: 18/24 MP: 2/2
   453 | D:4      | Reached XP level 3. HP: 13/29 MP: 3/3
   477 | D:4      | HP: 1/29 [something/puff of flame (6)]
   478 | D:4      | Killed from afar by an orc wizard

Dungeon Overview and Level Annotations

Branches:
Dungeon (4/15)
 Temple: D:4-7

Altars:


Message History

It was a potion of curing.
You feel better. You block the orc's attack. Something hits you.
a - a +0 war axe (weapon)
The orc hits you but does no damage.
Your shield prevents you from hitting the orc.
You closely miss something. Something hits you but does no damage.
You block the orc's attack. Something hits you but does no damage.
You slash the orc!
You kill the orc!
You completely miss something. Something hits you but does no damage.
You miss something. Something hits you but does no damage.
Something hits you but does no damage.
Your shield and scale mail prevent you from hitting something.
You hear some strange, mumbled words.
Something tries to affect you, but you resist.
You closely miss something. Something hits you but does no damage.
Something hits you but does no damage.
Your scale mail prevents you from hitting something.
Something hits you but does no damage.
You closely miss something. Something hits you but does no damage.
Some of the chunks of flesh in your inventory have rotted away.
You hit something. Something hits you but does no damage.
Something hits you but does no damage.
You barely miss something. You block its attack.
You miss something. Something hits you but does no damage. Something hits you.
You barely miss something.
You hear some strange, mumbled words.
A puff of flame appears from out of thin air!
The puff of flame hits you!
You hit something. Something hits you.
You hear some strange, mumbled words.
A puff of flame appears from out of thin air!
The puff of flame hits you!
Drink which item? (? for menu, Esc to quit)
It was a potion of invisibility.
You fade into invisibility!
You hear some strange, mumbled words.
A magic dart appears from out of thin air!
The magic dart hits you!
You die...

There were no monsters in sight!

Vanquished Creatures
  3 orcs (D:4)
  2 bats (D:2)
  4 goblins (D:1)
  5 hobgoblins
  A ball python (D:4)
  3 giant cockroaches
  A giant newt (D:2)
  4 kobolds
  3 rats
26 creatures vanquished.

Action                   || total
-------------------------++-------
Melee: War axe           ||    83
 Fire: Blowgun           ||    11
  Use: Potion            ||     3

Vault maps used:
D:1:      minmay_arrival_stone_box
D:2:      makhleb_heckhound_becter
D:3:      serial_glass, glass_columns_a, glass_columns_a, glass_columns_b,
          glass_columns_a, glass_columns_c, glass_columns_a, glass_columns_b,
          glass_columns_c, glass_columns_b, glass_columns_b, glass_columns_c,
          glass_columns_b, glass_columns_a, glass_columns_a
D:4:      first_bread
